 Dungeon Crawl Stone Soup version 0.30-a0-1123-gabc949cf19 (webtiles) character file.

Game seed: 8493663132154702854

573 cheesebisquit the Firebug (level 7, -6/50 HPs)
             Began as a Hill Orc Fire Elementalist on Apr 22, 2023.
             Was a Follower of Vehumet.
             Mangled by a killer bee (9 damage)
             ... on level 5 of the Dungeon.
             The game lasted 00:13:19 (4802 turns).

cheesebisquit the Firebug (HOFE)                    Turns: 4802, Time: 00:13:20

Health: -6/50      AC:  3    Str: 11    XL:     7   Next: 34%
Magic:  1/12       EV: 12    Int: 17    God:    Vehumet [*.....]
Gold:   27         SH:  0    Dex: 11    Spells: 4/13 levels left

rFire   . . .        z - +2 dagger of the Nexus {venom, *Noise Will++}
rCold   . . .        (no shield)
rNeg    . . .        a - +0 robe
rPois   .            (no helmet)
rElec   .            f - +0 cloak
rCorr   +            (no gloves)
SInv    .            (no boots)
Will    ++...        (no amulet)
Stlth   ++           b - ring of flight
HPRegen 0.28/turn    A - ring of resist corrosion
MPRegen 0.13/turn

%: no passive effects
@: flying
A: no striking features
a: Renounce Religion


You were on level 5 of the Dungeon.
You worshipped Vehumet.
Vehumet was aware of your devotion.
You visited 2 branches of the dungeon, and saw 6 of its levels.

You collected 170 gold pieces.
You spent 143 gold pieces at shops.

Inventory:

Hand Weapons
 g - a +0 war axe
 i - a +1 whip of flaming
 w - a +2 dagger of electrocution
 z - the +2 dagger of the Nexus (weapon) {venom, *Noise Will++}
   (You found it on level 5 of the Dungeon)

   *Noise:    It may make noises in combat.
   Will:      It greatly increases your willpower.
Missiles
 n - 3 poisoned darts
Armour
 a - a +0 robe (worn)
 f - a +0 cloak (worn)
 x - a +4 chain mail of poison resistance
Magical Staves
 d - a staff of earth
Jewellery
 b - a ring of flight (left hand)
 A - a ring of resist corrosion (right hand)
Wands
 v - a wand of flame (6)
Scrolls
 c - a scroll of fear
 e - a scroll of enchant armour {unknown}
 k - a scroll of blinking {unknown}
 p - a scroll of silence {unknown}
 r - a scroll of immolation
 s - a scroll of butterflies {unknown}
 u - 2 scrolls of teleportation
 y - a scroll of magic mapping {unknown}
Potions
 h - 2 potions of invisibility
 j - a potion of haste
 l - a potion of heal wounds
 m - a potion of curing
 o - 2 potions of brilliance
 q - a potion of flight
 t - a potion of magic
 B - a potion of resistance {unknown}


   Skills:
 - Level 1.5 Dodging
 - Level 1.5 Stealth
 + Level 3.6 Spellcasting
 - Level 1.0 Conjurations
 + Level 7.6 Fire Magic


You had 4 spell levels left.
You knew the following spells:

 Your Spells              Type           Power      Damage    Failure   Level
a - Foxfire               Conj/Fire      68%        2x1d7     2%          1
c - Inner Flame           Hex/Fire       16%        N/A       11%         3
d - Volatile Blastmotes   Fire/Tloc      32%        2d12      11%         3
z - Scorch                Fire           58%        2d7       1%          2

Your spell library contained the following spells:

 Spells                   Type           Power      Damage    Failure   Level
 Magic Dart               Conj           24%        1d4       11%         1
 Flame Wave               Conj/Fire      17%        2d7       28%         4
 Portal Projectile        Hex/Tloc       6%         N/A       45%         3
 Tukima's Dance           Hex            3%         N/A       45%         3
 Blade Hands              Tmut           1%         N/A       99%         5


Dungeon Overview and Level Annotations

Branches:
Dungeon (5/15)             Temple (1/1) D:4

Altars:
Ashenzari
Cheibriados
Dithmenos
Fedhas
Gozag
Hepliaklqana
Kikubaaqudgha
Makhleb
Nemelex Xobeh
Okawaru
Qazlal
Ru
Trog
Uskayaw
Vehumet
Xom
Yredelemnul
Zin
The Shining One

Shops:
D:4 ?


Message History

Casting: Foxfire (safe; 2% risk of failure)
Press: ? - help, Q - select action, (/) - cycle Dir - look around, f - activate You conjure some foxfire!
The centaur hits you but does no damage.
The centaur closely misses you. The killer bee barely misses you.
The centaur closely misses you. The centaur barely misses you.
The killer bee closely misses you.
You conjure some foxfire!
The foxfire hits the centaur.
The centaur is lightly wounded.
The foxfire hits the killer bee.
The killer bee is moderately wounded.
The killer bee closely misses you. The centaur hits you. The centaur kicks you.
The killer bee stings you.
Casting: Foxfire (safe; 2% risk of failure)
Confirm with . or Enter, or press ? or * to list all spells.
You don't have enough magic to cast this spell.
You hit the killer bee.
The killer bee is poisoned.
The killer bee is heavily wounded.
The foxfire hits the centaur.
The centaur is lightly wounded.
The foxfire hits the centaur.
The centaur is heavily wounded.
The centaur hits you. The centaur barely misses you.
The killer bee closely misses you.
An iguana comes into view.
The centaur hits you.
* * * LOW HITPOINT WARNING * * *
The centaur completely misses you. The killer bee closely misses you.
You are too injured to fight recklessly!
Casting: Foxfire (safe; 2% risk of failure)
Press: ? - help, Q - select action, (/) - cycle Dir - look around, f - activate You conjure some foxfire!
The iguana hisses angrily.
The killer bee stings you!
* * * LOW HITPOINT WARNING * * *
The centaur hits you.
* * * LOW HITPOINT WARNING * * *
The centaur kicks you but does no damage.
The killer bee stings you!
You die...

#..#######..###..###### ###
#####(.###..##'#####'########
............#...#............
............#...+............
............#...#............
#..##..#######. ##.######..##
#..##### ..(##'###.# ## #....
......vv..+ #.....
.....)c@..# #......
......y...# +......
..........# ..........#
#.........# ##..###...# #.l#
.#... #.. # #..#


You could see a centaur (ally target), an iguana and a killer bee (very
poisoned).

Vanquished Creatures
  A centaur (D:5)
  2 phantoms (D:5)
  A centaur zombie (D:5)
  A jelly (D:4)
  2 hounds
  An iguana (D:4)
  Ijyb (D:4)
  2 hound zombies (D:5)
  Robin (D:4)
  3 adders
  A gnoll (D:1)
  An ufetubus (D:3)
  2 dart slugs
  4 orcs (D:5)
  3 bats
  7 endoplasms
  2 giant cockroaches
  15 goblins
  10 hobgoblins
  3 quokkas
  7 ball pythons
  4 kobolds
  5 rats
79 creatures vanquished.

Vanquished Creatures (others)
  269 foxfires
  2 withered plants (D:5)
271 creatures vanquished.

Grand Total: 350 creatures vanquished

Notes
Turn   | Place    | Note
-------+----------+-------------------------------------------
     0 | D:1      | cheesebisquit the Hill Orc Fire Elementalist began the
                  | quest for the Orb.
     0 | D:1      | Reached XP level 1. HP: 14/14 MP: 3/3
   318 | D:1      | Reached XP level 2. HP: 20/20 MP: 2/4
   463 | D:1      | Reached skill level 4 in Fire Magic
   714 | D:1      | Reached XP level 3. HP: 26/26 MP: 1/5
  1027 | D:2      | You are sucked into a shaft and drop 1 floor!
  1469 | D:2      | Reached skill level 5 in Fire Magic
  1756 | D:2      | Found a sacrificial altar of Ru.
  1794 | D:2      | Reached XP level 4. HP: 30/33 MP: 2/6
  2227 | D:3      | Learned a level 2 spell: Scorch
  2231 | D:3      | Learned a level 3 spell: Inner Flame
  2817 | D:4      | Reached skill level 6 in Fire Magic
  2817 | D:4      | Reached XP level 5. HP: 38/38 MP: 3/7
  2865 | D:4      | Found a staircase to the Ecumenical Temple.
  2880 | Temple   | Entered the Ecumenical Temple
  3134 | Temple   | Became a worshipper of Vehumet
  3357 | D:4      | Found Kilom's Magic Scroll Emporium.
  3362 | D:4      | Noticed Ijyb
  3388 | D:4      | Killed Ijyb
  3442 | D:4      | Bought a scroll of teleportation for 39 gold pieces
  3442 | D:4      | Bought a scroll of identify for 26 gold pieces
  3442 | D:4      | Bought a scroll of identify for 26 gold pieces
  3442 | D:4      | Bought a scroll of identify for 26 gold pieces
  3442 | D:4      | Bought a scroll of identify for 26 gold pieces
  3991 | D:4      | Reached XP level 6. HP: 45/45 MP: 1/9
  3991 | D:4      | Noticed Robin
  3992 | D:4      | Reached * piety under Vehumet
  3992 | D:4      | Offered knowledge of Magic Dart by Vehumet.
  4147 | D:4      | Killed Robin
  4262 | D:5      | Entered Level 5 of the Dungeon
  4326 | D:5      | Identified the +2 dagger of the Nexus {venom, *Noise
                  | Will++}
  4362 | D:5      | Reached skill level 7 in Fire Magic
  4366 | D:5      | Learned a level 3 spell: Volatile Blastmotes
  4482 | D:5      | Reached XP level 7. HP: 46/50 MP: 1/11
  4802 | D:5      | Mangled by a killer bee

Illustrated notes

Levels and vault maps discovered:
D:1:      psy_arrival_terrarium, layout_basic
D:2:      layout_loops_ring, basic_altar, columned_hall_lemuel, minivault_27
D:3:      layout_basic, grunt_ministairs_2
D:4:      layout_basic, minmay_temple_entry_drinking_statues, serial_shops,
          shop, dreamdust_princess_bridge, uniq_ijyb, uniq_robin
D:5:      layout_gridville, serial_undead, serial_undead_c, serial_undead_a,
          serial_undead_f, serial_undead_b, serial_undead_c, serial_undead_e,
          minmay_manual_mail
Temple:   compressed_dpeg_triangle_lava_temple

Skill      XL: |  1  2  3  4  5  6 |
---------------+-------------------+-----
Fire Magic     | 4 5 6 7 |  7.6
Spellcasting   | 2 3 |  3.6
Dodging        | |  1.5
Stealth        | |  1.5
Conjurations   | |  1.0

Action                     |  1- 3 |  4- 6 |  7- 9 || total
---------------------------+-------+-------+-------++-------
  Melee: Unarmed           |    12 |       |       ||    12
         War axe           |     3 |       |       ||     3
         Whip              |     7 |    18 |       ||    25
         Dagger            |       |    13 |     2 ||    15
  Throw: Dart              |       |     1 |       ||     1
   Cast: Foxfire           |    48 |    86 |    16 ||   150
         Scorch            |       |     3 |     9 ||    12
    Use: Potion            |     1 |     2 |     1 ||     4
         Scroll            |       |     9 |       ||     9
 Armour: Robe              |     8 |    11 |     5 ||    24
  Dodge: Dodged            |    38 |    35 |    27 ||   100

Table legend: (Time is in decaauts)
 A = Elapsed time spent in this place.
 B = Non-inter-level travel time spent in this place.
 C = Inter-level travel time spent in this place.
 D = Time resting spent in this place.
 E = Time spent auto-exploring this place.
 F = Levels seen in this place.
 G = Mean time per level.
                   A        B        C        D        E       F      G
               +--------+--------+--------+--------+--------+-----+--------+
         Total |   4802 |   4570 |    232 |     72 |   3916 |   6 |  800.3 |
       Dungeon |   4539 |   4327 |    212 |     72 |   3685 |   5 |  907.8 |
        Temple |    263 |    243 |     20 |      0 |    231 |   1 |  263.0 |
               +--------+--------+--------+--------+--------+-----+--------+

Top non-repeatable levels by time:
     D:4: 1282 daAuts
     D:2: 1015 daAuts
     D:1: 909 daAuts
     D:3: 845 daAuts
     D:5: 486 daAuts
  Temple: 263 daAuts
